 Dungeon Sprint DCSS version 0.30-a0-43-gbbf338a72c (webtiles) character file.

Game seed: 9165930496038458214

397063 Zeldest the Champion of Chaos (level 20, -5/216 HPs)
             Began as a Hill Orc Fighter on Sept 1, 2022.
             Was the Champion of Makhleb.
             Slain by a royal mummy (19 damage)
             ... in the Dungeon (Sprint IX: "|||||||||||||||||||||||||||||").
             The game lasted 00:26:41 (4371 turns).

Zeldest the Champion of Chaos (Hill Orc Fighter)    Turns: 4371, Time: 00:26:42

Health: -5/216     AC: 44    Str: 27    XL:     20   Next: 79%
Magic:  37/37      EV: 17    Int: 19    God:    Makhleb [******]
Gold:   322        SH:  0    Dex: 13    Spells: 19/19 levels left

rFire   + + .      SeeInvis .    q - +5 lajatang "Pystun" {holy, Dex+4}
rCold   + . .      Faith    .    (shield currently unavailable)
rNeg    . . .      Spirit   .    L - +6 gold dragon scales
rPois   +          Reflect  .    v - +0 helmet
rElec   .          Harm     .    D - +2 cloak {rCorr}
rCorr   +          Rampage  .    C - +1 pair of gloves
Will    +....      Rage     3%   t - +0 pair of boots "Meudgh" {rPois rCorr Int+7}
Stlth   .......... NoTele   +    y - amulet of regeneration
HPRegen 1.26/turn                B - ring of Qizigh {rF+ Slay+3}
MPRegen 0.25/turn                z - ring of poison resistance

@: unable to read
A: berserk 1, clever 1, screaming 2, inability to read after injury 2
}: 7/17 runes: decaying, serpentine, barnacled, slimy, elven, silver, gossamer
a: Renounce Religion, Minor Destruction, Lesser Servant of Makhleb, Major
Destruction, Greater Servant of Makhleb


You were in the Dungeon.
You worshipped Makhleb.
Makhleb was exalted by your worship.
You visited 1 branch You collected 1971 gold pieces.
You spent 1649 gold pieces at shops.

Inventory:

Hand Weapons
 c - a +2 dagger of chaos
 q - the +5 lajatang "Pystun" (weapon) {holy, Dex+4}
   (You found it in the Dungeon)

   It has been blessed by the Shining One to cause great damage to the undead
   and demons.
   Dex:       It affects your dexterity (+4).
Armour
 t - the +0 pair of boots "Meudgh" (worn) {rPois rCorr Int+7}
   (You found it in the Dungeon)

   Int:       It affects your intelligence (+7).
   rPois:     It protects you from poison.
   rCorr:     It protects you from acid and corrosion.
 v - a +0 helmet (worn)
 C - a +1 pair of gloves (worn)
 D - a +2 cloak of preservation (worn)
 E - a +3 tower shield
 L - +6 gold dragon scales (worn)
Jewellery
 u - a ring of protection from cold
 y - an amulet of regeneration (around neck)
 z - a ring of poison resistance (right hand)
 A - a ring of protection from fire
 B - the ring of Qizigh (left hand) {rF+ Slay+3}
   (You found it in the Dungeon)

   [ring of slaying]

   Slay:      It affects your accuracy & damage with ranged weapons and melee
   (+3).
   rF:        It protects you from fire.
 H - the amulet of Atonuot {Faith rC- Will+ Dex+7}
   (You found it in the Dungeon)

   [amulet of faith]

   It allows you to gain divine favour quickly.
   Dex:       It affects your dexterity (+7).
   rC:        It makes you vulnerable to cold.
   Will:      It increases your willpower.
 I - the ring "Zusai" {Fire Int+2 Stlth+}
   (You found it in the Dungeon)

   [ring of fire]

   It enhances your fire magic.
   Int:       It affects your intelligence (+2).
   rF:        It protects you from fire.
   rC:        It makes you vulnerable to cold.
   Stlth:     It makes you more stealthy.
 J - the amulet "Ecaaj" {Faith Str+5}
   (You found it in the Dungeon)

   [amulet of faith]

   It allows you to gain divine favour quickly.
   Str:       It affects your strength (+5).
 K - the ring "Qutuedgh" {Ice Int+3 Dex+6 Stlth+}
   (You found it in the Dungeon)

   [ring of ice]

   It enhances your ice magic.
   Int:       It affects your intelligence (+3).
   Dex:       It affects your dexterity (+6).
   rF:        It makes you vulnerable to fire.
   rC:        It protects you from cold.
   Stlth:     It makes you more stealthy.
Wands
 a - a wand of paralysis (16)
 p - a wand of flame (15)
 F - a wand of polymorph (8)
Scrolls
 j - 4 scrolls of blinking
 l - 2 scrolls of amnesia
 m - 2 scrolls of identify
 o - 3 scrolls of fear
 r - 6 scrolls of butterflies
 s - 8 scrolls of enchant weapon
 x - 2 scrolls of enchant armour
Potions
 b - a potion of attraction
 d - a potion of might
 e - 10 potions of curing
 f - 9 potions of heal wounds
 g - 7 potions of haste
 h - 10 potions of magic
 i - 6 potions of mutation
 n - 3 potions of berserk rage
 w - 2 potions of resistance
 G - a potion of brilliance
Miscellaneous
 k - a condenser vane


   Skills:
 O Level 27 Fighting
 + Level 15.7(25.3) Axes
 O Level 27 Maces & Flails
 O Level 27 Staves
 + Level 11.3 Throwing
 O Level 27 Armour
 O Level 27 Dodging
 - Level 7.1 Stealth
 + Level 24.7 Shields
 O Level 27 Invocations
 O Level 27 Evocations


You had 19 spell levels left.
You didn't know any spells.
Your spell library contained the following spells:

 Spells                   Type           Power      Damage    Failure   Level
 Foxfire                  Conj/Fire      0%         2x1d4     77%         1
 Sting                    Tmut/Pois      0%         1d3       77%         1
 Poisonous Vapours        Pois/Air       0%         N/A       88%         2
 Conjure Flame            Conj/Fire      0%         6-21      98%         3
 Inner Flame              Hex/Fire       0%         N/A       98%         3
 Flame Wave               Conj/Fire      0%         2d4       100%        4
 Olgreb's Toxic Radiance  Pois           0%         N/A       100%        4


Dungeon Overview and Level Annotations

Branches:
Dungeon (1/1)

Altars:
Cheibriados
Dithmenos
Elyvilon
Fedhas
Gozag
Hepliaklqana
Kikubaaqudgha
Makhleb
Nemelex Xobeh
Okawaru
Qazlal
Ru
Sif Muna
Trog
Uskayaw
Vehumet
Wu Jian
Xom
Yredelemnul
Zin
The Shining One
Beogh
Jiyva
Lugonu

Shops:
D ![[=


Innate Abilities, Weirdness & Mutations

You sometimes lose your temper in combat.
Your mind is acute. (Int +4, Str/Dex -1)
You frequently scream uncontrollably at your foes.
You sometimes lose the ability to read scrolls when taking damage.


Message History

Aiming: Major Destruction (0% risk of failure)
Press: ? - help, Q - select action, (/) - cycle Shift-Dir - straight line, f - royal mummy
Aim: a royal mummy (severely damaged, covered in acid)
The bolt of fire hits the royal mummy!!!
The royal mummy is almost destroyed.
The bolt of fire hits the royal mummy!!!
The royal mummy is moderately damaged.
The bolt of fire hits the royal mummy!!
The royal mummy is severely damaged.
The bolt of fire hits the royal mummy!!
The royal mummy is severely damaged.
The bolt of fire misses the guardian mummy.
The royal mummy points at you and mumbles some strange words.
Something smites you!
* * * LOW HITPOINT WARNING * * *
The royal mummy casts a spell at you. Something smites you!
* * * LOW HITPOINT WARNING * * *
The royal mummy mumbles some strange words.
Aiming: Major Destruction (0% risk of failure)
Press: ? - help, Q - select action, (/) - cycle Shift-Dir - straight line, f/p - royal mummy
Aim: a royal mummy (almost destroyed, covered in acid)
The bolt of negative energy hits the royal mummy.
The royal mummy completely resists.
The royal mummy is almost destroyed.
The bolt of negative energy hits the royal mummy.
The royal mummy completely resists.
The royal mummy is moderately damaged.
The bolt of negative energy misses the death scarab. x2
The bolt of negative energy hits the royal mummy.
The royal mummy completely resists.
The royal mummy is severely damaged.
The bolt of negative energy hits the royal mummy.
The royal mummy completely resists.
The royal mummy is severely damaged.
The bolt of negative energy hits the guardian mummy.
The guardian mummy completely resists.
The guardian mummy is almost destroyed.
The royal mummy hits you!!
You die...

*********************************
,,,,,,,,,+,+,,,,,,,,,,,,,,,,,,,,,
*********************************
,,,,,,,,,,,,,,,,,,,,,,,,,,,,,,,,,
*********▓▓▓▓▓▓▓▓▓▓▓▓▓▓▓▓▓▓▓▓▓▓▓▓
,,,,,+,,,MMMBBMM@........'.......
▓▓▓▓▓▓▓▓▓▓▓▓▓▓▓▓▓▓▓▓▓▓▓▓▓▓▓▓▓▓▓▓▓
.................................
▓▓▓▓▓▓▓▓▓▓▓▓▓▓▓▓▓▓▓▓▓▓▓▓▓▓▓▓♣♣♣♣♣
............'...)...))))))†).....
▓▓▓▓▓▓▓▓▓▓▓▓▓▓▓▓▓▓▓▓▓▓▓▓▓▓▓▓♣♣♣♣♣
.................................
▓▓▓▓▓▓▓▓▓▓▓▓▓▓▓▓▓▓▓▓▓▓▓▓▓▓▓▓▓▓▓▓▓
....'.........†[.†['.'.'.'.......


You could see 4 royal mummies, a guardian mummy (corroded) and 2 death scarabs.

Vanquished Creatures
  the Royal Jelly (D)
  5 ancient liches (D)
  3 orbs of fire (D)
  Sojobo (D)
  Saint Roka (D)
  Margery (D)
  A curse toe (D)
  Xtahua (D)
  A caustic shrike (D)
  4 golden dragons (D)
  Jory (D)
  6 electric golems (D)
  Rupert (D)
  26 Orb Guardians (D)
  A walking crystal tome (D)
  4 tentacled monstrosities (D)
  3 liches (D)
  3 deep elf blademasters (D)
  A quicksilver dragon (D)
  A titan (D)
  8 acid blobs (D)
  Gastronok (D)
  12 sphinxes (D)
  A death cob (D)
  4 storm dragons (D)
  4 tengu reavers (D)
  10 shadow dragons (D)
  Kirke (D)
  6 rockslimes (D)
  Ilsuiw (D)
  A draconian monk (D)
  6 nagarajas (D)
  10 azure jellies (D)
  3 frost giants (D)
  A draconian knight (D)
  4 vault wardens (D)
  3 draconian scorchers (D)
  3 ghost moths (D)
  5 fire giants (D)
  2 emperor scorpions (D)
  A draconian stormcaller (D)
  2 deep elf sorcerers (D)
  5 stone giants (D)
  An ironbound preserver (D)
  8 quicksilver oozes (D)
  A draconian annihilator (D)
  7 vampire knights (D)
  An eleionoma (D)
  Nessos (D)
  A very ugly thing (D)
  5 purple draconians (D)
  4 deep elf demonologists (D)
  4 black draconians (D)
  A yellow draconian (D)
  A deep elf annihilator (D)
  4 white draconians (D)
  2 spark wasps (D)
  An entropy weaver (D)
  A red draconian (D)
  3 deep elf death magi (D)
  4 fire dragons (D)
  3 merfolk javelineers (D)
  7 merfolk impalers (D)
  3 mummy priests (D)
  5 ettins (D)
  A deep elf high priest (D)
  2 shambling mangroves (D)
  4 yaktaur captains (D)
  A great orb of eyes (D)
  2 rakshasas (D)
  25 vault guards (D)
  2 ogre magi (D)
  2 boulder beetles (D)
  An ironbound frostheart (D)
  A peacekeeper (D)
  5 ice dragons (D)
  8 hydras (D)
  2 centaur warriors (D)
  An anaconda (D)
  A catoblepas (D)
  3 naga warriors (D)
  A radroach (D)
  5 two-headed ogres (D)
  3 merfolk aquamancers (D)
  A tengu warrior (D)
  An alligator (D)
  3 deep troll earth magi (D)
  4 death yaks (D)
  An orc high priest (D)
  A naga sharpshooter (D)
  A shock serpent (D)
  8 hell knights (D)
  2 goliath frogs (D)
  A pharaoh ant (D)
  A deep troll (shapeshifter) (D)
  2 glowing orange brains (D)
  6 swamp dragons (D)
  A spriggan druid (D)
  A lindwurm (D)
  4 orc knights (D)
  5 ironbound convokers (D)
  A necromancer (D)
  An orc sorcerer (D)
  A manticore (D)
  3 wolf spiders (D)
  2 ugly things (D)
  A will-o-the-wisp (D)
  2 cyclopes (D)
  A manticore (shapeshifter) (D)
  A guardian serpent (D)
  10 moths of wrath (D)
  3 naga magi (D)
  4 black mambas (D)
  A merfolk siren (D)
  2 cane toads (D)
  2 vault sentinels (D)
  2 gargoyles (D)
  A kobold demonologist (D)
  Psyche (D)
  A yaktaur (D)
  2 rime drakes (D)
  A komodo dragon (D)
  An efreet (D)
  6 demonic crawlers (D)
  18 guardian mummies (D)
  4 merfolk (D)
  A troll (D)
  A tarantella (shapeshifter) (D)
  6 hornets (D)
  2 slime creatures (D)
  2 snapping turtles (D)
  2 jumping spiders (D)
  A water elemental (D)
  A culicivora (D)
  11 spriggans (D)
  5 yaks (D)
  A culicivora (shapeshifter) (D)
  A wyvern (D)
  2 basilisks (D)
  4 hogs (D)
  A redback (D)
  2 golden eyes (D)
  3 acid dragons (D)
  2 nagas (D)
  2 wargs (D)
  A floating eye (D)
  2 water moccasins (D)
  2 swamp drakes (D)
  11 orc warriors (D)
  3 wolves (D)
  7 ogres (D)
  A bullfrog (D)
  A wight (D)
  A killer bee (D)
  A hound (D)
  2 orc priests (D)
  4 orc wizards (D)
  A white imp (D)
  A worm (D)
  9 orcs (D)
  A hobgoblin (D)
  2 kobolds (D)
  A frilled lizard (D)
  A rat (D)
515 creatures vanquished.

Vanquished Creatures (others)
  2 vampire knights (D)
  A naga sharpshooter (D)
  A yak (D)
  5 foxfires (D)
9 creatures vanquished.

Grand Total: 524 creatures vanquished

Notes
Turn   | Place    | Note
-------+----------+-------------------------------------------
     0 | D        | Zeldest the Hill Orc Fighter began the quest for the Orb.
     0 | D        | Reached XP level 1. HP: 19/19 MP: 1/1
    12 | D        | Reached skill level 1 in Invocations
    93 | D        | Noticed a hound
    97 | D        | Reached XP level 2. HP: 19/27 MP: 4/4
   102 | D        | Reached XP level 3. HP: 25/34 MP: 4/6
   106 | D        | Reached skill level 5 in Invocations
   114 | D        | Found a roughly hewn altar of Beogh.
   114 | D        | Found a snail-covered altar of Cheibriados.
   114 | D        | Found a shadowy altar of Dithmenos.
   114 | D        | Found a white marble altar of Elyvilon.
   114 | D        | Found a blossoming altar of Fedhas.
   114 | D        | Found an opulent altar of Gozag.
   115 | D        | Found a hazy altar of Hepliaklqana.
   116 | D        | Found a viscous altar of Jiyva.
   117 | D        | Found an ancient bone altar of Kikubaaqudgha.
   118 | D        | Found a corrupted altar of Lugonu.
   119 | D        | Found a burning altar of Makhleb.
   120 | D        | Found a sparkling altar of Nemelex Xobeh.
   121 | D        | Found an iron altar of Okawaru.
   122 | D        | Found a stormy altar of Qazlal.
   123 | D        | Found a sacrificial altar of Ru.
   124 | D        | Found a shimmering blue altar of Sif Muna.
   125 | D        | Found a bloodstained altar of Trog.
   126 | D        | Found a hide-covered altar of Uskayaw.
   127 | D        | Became a worshipper of Makhleb the Destroyer
   185 | D        | Found a radiant altar of Vehumet.
   186 | D        | Found an ornate altar of the Wu Jian Council.
   187 | D        | Found a shimmering altar of Xom.
   188 | D        | Found a basalt altar of Yredelemnul.
   189 | D        | Found a glowing silver altar of Zin.
   190 | D        | Found a glowing golden altar of the Shining One.
   244 | D        | Noticed a killer bee
   244 | D        | Noticed a wight
   244 | D        | Noticed a gargoyle
   244 | D        | Noticed a yak
   244 | D        | Noticed a troll
   244 | D        | Noticed a kobold demonologist
   259 | D        | Killed a kobold demonologist
   260 | D        | Reached skill level 10 in Invocations
   260 | D        | Reached XP level 4. HP: 46/47 MP: 7/11
   260 | D        | Reached XP level 5. HP: 51/52 MP: 7/12
   260 | D        | Reached XP level 6. HP: 59/60 MP: 7/13
   265 | D        | Killed a troll
   266 | D        | Reached XP level 7. HP: 68/68 MP: 7/15
   269 | D        | Killed a yak
   270 | D        | Reached skill level 10 in Maces & Flails
   276 | D        | Killed a gargoyle
   276 | D        | Reached * piety under Makhleb
   277 | D        | Reached XP level 8. HP: 64/78 MP: 8/17
   495 | D        | Noticed a brown ugly thing
   495 | D        | Noticed a gargoyle
   495 | D        | Noticed a six-headed hydra
   495 | D        | Noticed a two-headed ogre
   495 | D        | Noticed a cyclops
   498 | D        | Reached ** piety under Makhleb
   498 | D        | Killed a gargoyle
   499 | D        | Reached skill level 10 in Fighting
   499 | D        | Killed a cyclops
   499 | D        | Killed a two-headed ogre
   500 | D        | Reached skill level 10 in Armour
   500 | D        | Reached skill level 15 in Invocations
   500 | D        | Reached XP level 9. HP: 89/89 MP: 17/20
   500 | D        | Killed a six-headed hydra
   500 | D        | Reached *** piety under Makhleb
   506 | D        | Killed a brown ugly thing
   507 | D        | Reached XP level 10. HP: 97/97 MP: 18/22
   618 | D        | Noticed a cane toad
   618 | D        | Noticed a cane toad
   621 | D        | Killed a cane toad
   621 | D        | Reached **** piety under Makhleb
   622 | D        | Reached skill level 1 in Dodging
   622 | D        | Reached skill level 1 in Evocations
   623 | D        | Killed a cane toad
   637 | D        | Reached skill level 5 in Shields
   639 | D        | Reached ***** piety under Makhleb
   658 | D        | Noticed a boulder beetle
   658 | D        | Noticed a black mamba
   658 | D        | Noticed a five-headed hydra
   660 | D        | Killed a five-headed hydra
   660 | D        | Killed a black mamba
   661 | D        | Reached skill level 15 in Maces & Flails
   664 | D        | Killed a boulder beetle
   664 | D        | Reached ****** piety under Makhleb
   665 | D        | Reached skill level 5 in Evocations
   665 | D        | Reached XP level 11. HP: 55/107 MP: 22/24
   674 | D        | Noticed a death yak
   674 | D        | Noticed a catoblepas
   674 | D        | Noticed a death yak
   674 | D        | Noticed a death yak
   675 | D        | Noticed a death yak
   678 | D        | Killed a death yak
   678 | D        | Killed a death yak
   678 | D        | Killed a catoblepas
   678 | D        | Killed a death yak
   679 | D        | Reached skill level 5 in Dodging
   679 | D        | Killed a death yak
   819 | D        | Noticed an ettin
   822 | D        | Killed an ettin
   975 | D        | Noticed an orc knight
   979 | D        | Noticed an orc knight
   981 | D        | Killed an orc knight
   981 | D        | Killed an orc knight
   981 | D        | Noticed an orc high priest
   982 | D        | Reached XP level 12. HP: 110/118 MP: 25/25
   987 | D        | Noticed a soul eater
   988 | D        | Killed an orc high priest
  1131 | D        | Found Atygrillui's Jewellery Boutique.
  1131 | D        | Noticed a two-headed ogre
  1131 | D        | Noticed a two-headed ogre
  1133 | D        | Noticed a two-headed ogre
  1135 | D        | Killed a two-headed ogre
  1135 | D        | Killed a two-headed ogre
  1136 | D        | Reached skill level 15 in Fighting
  1136 | D        | Killed a two-headed ogre
  1138 | D        | Noticed an ogre mage
  1139 | D        | Found Zohituuf's Armour Shop.
  1143 | D        | Killed an ogre mage
  1144 | D        | Reached skill level 10 in Shields
  1148 | D        | Noticed a two-headed ogre
  1149 | D        | Found Buvolile's Armour Boutique.
  1151 | D        | Killed a two-headed ogre
  1158 | D        | Found Zesiuvoick's Distillery.
  1160 | D        | Noticed an ogre mage
  1163 | D        | Killed an ogre mage
  1194 | D        | Bought a potion of heal wounds for 60 gold pieces
  1194 | D        | Bought a potion of resistance for 120 gold pieces
  1194 | D        | Bought a potion of curing for 36 gold pieces
  1196 | D        | Bought the +5 chain mail of Ibuad {+Inv rElec rN+ Will+}
                  | for 783 gold pieces
  1200 | D        | Bought an amulet of regeneration for 390 gold pieces
  1200 | D        | Bought a ring of poison resistance for 260 gold pieces
  1246 | D        | Noticed Gastronok
  1252 | D        | Killed Gastronok
  1394 | D        | Noticed a centaur warrior
  1396 | D        | Killed a centaur warrior
  1400 | D        | Noticed a vampire knight
  1401 | D        | Noticed a frost giant
  1403 | D        | Paralysed by something for 4 turns
  1410 | D        | Killed a vampire knight
  1410 | D        | Killed a frost giant
  1411 | D        | Reached skill level 15 in Armour
  1411 | D        | Reached XP level 13. HP: 75/129 MP: 27/27
  1411 | D        | Noticed a fire giant
  1417 | D        | Noticed a vampire knight
  1418 | D        | Killed a fire giant
  1419 | D        | Reached skill level 10 in Evocations
  1419 | D        | Killed a vampire knight
  1421 | D        | Noticed a rakshasa
  1426 | D        | Killed a rakshasa
  1635 | D        | Noticed a shambling mangrove
  1635 | D        | Noticed an eleionoma
  1640 | D        | Noticed a shambling mangrove
  1641 | D        | Killed a shambling mangrove
  1643 | D        | Killed a shambling mangrove
  1646 | D        | Killed an eleionoma
  1679 | D        | Reached skill level 10 in Dodging
  1685 | D        | Noticed a spark wasp
  1688 | D        | Noticed an emperor scorpion
  1689 | D        | Reached XP level 14. HP: 136/141 MP: 28/28
  1693 | D        | Killed an emperor scorpion
  1766 | D        | Noticed Psyche
  1768 | D        | Killed Psyche
  1787 | D        | Noticed Kirke
  1792 | D        | Killed Kirke
  1822 | D        | Noticed Nessos
  1826 | D        | Killed Nessos
  1842 | D        | Noticed a stone giant
  1842 | D        | Noticed a fire giant
  1845 | D        | Killed a stone giant
  1846 | D        | Noticed a vampire knight
  1847 | D        | Noticed a fire giant
  1848 | D        | Killed a fire giant
  1850 | D        | Noticed a stone giant
  1851 | D        | Killed a fire giant
  1856 | D        | Killed a stone giant
  1857 | D        | Killed a vampire knight
  1857 | D        | Noticed a frost giant
  1858 | D        | Reached skill level 15 in Shields
  1860 | D        | Killed a frost giant
  1865 | D        | Noticed a stone giant
  1870 | D        | Killed a stone giant
  1967 | D        | Noticed an entropy weaver
  1967 | D        | Noticed a vault warden
  1970 | D        | Noticed an ironbound preserver
  1972 | D        | Killed a vault warden
  1973 | D        | Reached XP level 15. HP: 150/155 MP: 30/30
  1988 | D        | Noticed a vault warden
  1998 | D        | Killed a vault warden
  2020 | D        | Noticed Jory
  2036 | D        | Killed Jory
  2292 | D        | Noticed Rupert
  2297 | D        | Killed Rupert
  2313 | D        | Noticed Xtahua
  2320 | D        | Killed Xtahua
  2321 | D        | Reached skill level 15 in Evocations
  2353 | D        | Noticed Ilsuiw
  2370 | D        | Killed Ilsuiw
  2375 | D        | Got a barnacled rune of Zot
  2382 | D        | Noticed a nagaraja
  2382 | D        | Noticed a nagaraja
  2383 | D        | Noticed a nagaraja
  2385 | D        | Noticed a nagaraja
  2385 | D        | Killed a nagaraja
  2385 | D        | Killed a nagaraja
  2393 | D        | Killed a nagaraja
  2396 | D        | Killed a nagaraja
  2400 | D        | Noticed a nagaraja
  2404 | D        | Killed a nagaraja
  2411 | D        | Noticed a nagaraja
  2414 | D        | Killed a nagaraja
  2497 | D        | Got a serpentine rune of Zot
  2508 | D        | Reached XP level 16. HP: 143/168 MP: 0/32
  2531 | D        | Got a gossamer rune of Zot
  2563 | D        | Got a decaying rune of Zot
  2574 | D        | Noticed a tengu reaver
  2575 | D        | Noticed Sojobo
  2575 | D        | Noticed a tengu reaver
  2580 | D        | Paralysed by an air elemental for 1 turns
  2584 | D        | Killed a tengu reaver
  2591 | D        | Killed Sojobo
  2591 | D        | Killed a tengu reaver
  2649 | D        | Noticed Saint Roka
  2656 | D        | Killed Saint Roka
  2686 | D        | Reached skill level 15 in Dodging
  2697 | D        | Reached skill level 27 in Invocations
  2745 | D        | Reached skill level 1 in Stealth
  2745 | D        | Reached XP level 17. HP: 177/182 MP: 34/34
  2795 | D        | Noticed a quicksilver dragon
  2795 | D        | Noticed a titan
  2796 | D        | Noticed a tentacled monstrosity
  2799 | D        | Killed a titan
  2800 | D        | Reached skill level 5 in Stealth
  2802 | D        | Killed a tentacled monstrosity
  2805 | D        | Killed a quicksilver dragon
  2819 | D        | Got a silver rune of Zot
  2822 | D        | Identified the +7 hand axe of Objectivity {flame, *Slow
                  | Int+5 SInv}
  2857 | D        | Noticed Margery
  2863 | D        | Killed Margery
  2922 | D        | Got the ring of Qizigh {rF+ Slay+3}
  2924 | D        | Got the amulet of Atonuot {Faith rC- Will+ Dex+7}
  2926 | D        | Got the ring "Zusai" {Fire Int+2 Stlth+}
  2928 | D        | Got the amulet "Ecaaj" {Faith Str+5}
  2930 | D        | Got the ring "Qutuedgh" {Ice Int+3 Dex+6 Stlth+}
  2939 | D        | Got the +5 lajatang "Pystun" {holy, Dex+4}
  2971 | D        | Got the +0 pair of boots "Meudgh" {rPois rCorr Int+7}
  3099 | D        | Noticed a caustic shrike
  3099 | D        | Noticed a walking crystal tome
  3104 | D        | Killed a caustic shrike
  3105 | D        | Killed a walking crystal tome
  3148 | D        | Noticed a golden dragon
  3148 | D        | Noticed a tentacled monstrosity
  3153 | D        | Killed a golden dragon
  3156 | D        | Killed a tentacled monstrosity
  3157 | D        | Reached skill level 27 in Fighting
  3157 | D        | Reached XP level 18. HP: 126/200 MP: 35/35
  3164 | D        | Noticed a curse toe
  3164 | D        | Noticed a tentacled monstrosity
  3172 | D        | Killed a tentacled monstrosity
  3174 | D        | Killed a curse toe
  3175 | D        | Reached skill level 5 in Staves
  3230 | D        | Noticed a tentacled monstrosity
  3239 | D        | Killed a tentacled monstrosity
  3363 | D        | Noticed an Orb Guardian
  3363 | D        | Noticed an Orb Guardian
  3363 | D        | Noticed an Orb Guardian
  3363 | D        | Noticed an Orb Guardian
  3363 | D        | Noticed an Orb Guardian
  3363 | D        | Noticed an Orb Guardian
  3365 | D        | Killed an Orb Guardian
  3365 | D        | Killed an Orb Guardian
  3365 | D        | Noticed an Orb Guardian
  3366 | D        | Killed an Orb Guardian
  3366 | D        | Killed an Orb Guardian
  3366 | D        | Killed an Orb Guardian
  3366 | D        | Noticed an Orb Guardian
  3367 | D        | Reached skill level 10 in Staves
  3367 | D        | Reached skill level 27 in Armour
  3367 | D        | Killed an Orb Guardian
  3367 | D        | Noticed an Orb Guardian
  3368 | D        | Killed an Orb Guardian
  3368 | D        | Noticed an Orb Guardian
  3371 | D        | Killed an Orb Guardian
  3372 | D        | Killed an Orb Guardian
  3372 | D        | Killed an Orb Guardian
  3382 | D        | Noticed an Orb Guardian
  3382 | D        | Noticed an Orb Guardian
  3384 | D        | Noticed an Orb Guardian
  3385 | D        | Noticed an Orb Guardian
  3387 | D        | Killed an Orb Guardian
  3387 | D        | Killed an Orb Guardian
  3390 | D        | Killed an Orb Guardian
  3395 | D        | Killed an Orb Guardian
  3405 | D        | Noticed an ancient lich
  3411 | D        | Killed an ancient lich
  3414 | D        | Noticed an orb of fire
  3428 | D        | Gained mutation: You occasionally lose the ability to read
                  | scrolls when taking damage. [an orb of fire]
  3449 | D        | Killed an orb of fire
  3454 | D        | Noticed an electric golem
  3473 | D        | Killed an electric golem
  3476 | D        | Noticed an electric golem
  3476 | D        | Noticed a golden dragon
  3476 | D        | Noticed an ancient lich
  3476 | D        | Noticed an electric golem
  3477 | D        | Noticed a golden dragon
  3478 | D        | Noticed an orb of fire
  3481 | D        | Killed a golden dragon
  3482 | D        | Reached XP level 19. HP: 92/207 MP: 36/36
  3482 | D        | Noticed an orb of fire
  3484 | D        | Killed an ancient lich
  3485 | D        | Reached skill level 15 in Staves
  3486 | D        | Killed an electric golem
  3487 | D        | Noticed an electric golem
  3488 | D        | Killed a golden dragon
  3488 | D        | Gained mutation: You occasionally shout uncontrollably at
                  | your foes. [an orb of fire]
  3489 | D        | Gained mutation: You frequently scream uncontrollably at
                  | your foes. [an orb of fire]
  3490 | D        | Noticed an electric golem
  3495 | D        | Gained mutation: Your mind is acute. (Int +4, Str/Dex -1)
                  | [an orb of fire]
  3499 | D        | Killed an orb of fire
  3502 | D        | Noticed an ancient lich
  3505 | D        | Killed an electric golem
  3508 | D        | Gained mutation: You sometimes lose your temper in combat.
                  | [an orb of fire]
  3515 | D        | Gained mutation: You sometimes lose the ability to read
                  | scrolls when taking damage. [an orb of fire]
  3517 | D        | Killed an orb of fire
  3518 | D        | Reached skill level 27 in Evocations
  3518 | D        | Killed an ancient lich
  3524 | D        | Killed an electric golem
  3527 | D        | Noticed a golden dragon
  3533 | D        | Killed an electric golem
  3534 | D        | Noticed an electric golem
  3541 | D        | Killed a golden dragon
  3550 | D        | Killed an electric golem
  3795 | D        | Noticed an ancient lich
  3795 | D        | Noticed an ancient lich
  3810 | D        | Killed an ancient lich
  3812 | D        | Killed an ancient lich
  3907 | D        | Reached skill level 27 in Dodging
  3912 | D        | Reached XP level 20. HP: 207/216 MP: 37/37
  3951 | D        | Got an elven rune of Zot
  3969 | D        | Reached skill level 27 in Staves
  3969 | D        | Reached skill level 1 in Axes
  3969 | D        | Reached skill level 1 in Throwing
  3970 | D        | Noticed the Royal Jelly
  3979 | D        | Killed the Royal Jelly
  3995 | D        | Reached skill level 5 in Throwing
  4004 | D        | Reached skill level 10 in Axes
  4005 | D        | Got a slimy rune of Zot
  4109 | D        | Reached skill level 10 in Throwing
  4124 | D        | Reached skill level 27 in Maces & Flails
  4124 | D        | HP: 9/216 [something (9)]
  4258 | D        | Reached skill level 15 in Axes
  4366 | D        | Noticed a royal mummy
  4366 | D        | Noticed a royal mummy
  4366 | D        | Noticed a royal mummy
  4366 | D        | Noticed a royal mummy
  4371 | D        | Slain by a royal mummy

Illustrated notes

Levels and vault maps discovered:
D:        linesprint [early_d, line_temple, items_1, d_10, items_2, lair_1,
          lair_end, items_3, orc_1, orc_end, items_4, d_15, swamp_1, shoals_1,
          snake_1, spider_1, d_20, vaults_1, items_5, swamp_end, shoals_end,
          snake_end, spider_end, vaults_end, d_27, items_6, zot_1, zot_end,
          crypt_end, forest_end, elf_end, slime_end, tomb_end, abyss_end,
          pan_hell_end]

Skill      XL: |  1  2  3  4  5  6  7  8  9 10 11 12 13 14 15 16 17 18 19 20 |
---------------+-------------------------------------------------------------+-----
Invocations    | 2 4 10 11 12 15 16 18 19 20 21 23 25 27 | 27.0
Maces & Flails | 3 4 8 9 11 13 14 15 16 17 19 20 22 23 25 27 | 27.0
Fighting       | 4 7 8 9 11 13 14 16 17 19 21 24 27 | 27.0
Armour         | 4 6 7 8 10 12 13 15 16 18 20 22 25 27 | 27.0
Dodging        | 4 6 8 10 12 13 15 18 22 27 | 27.0
Shields        | 6 9 11 13 15 18 20 21 24 | 24.7
Evocations     | 5 7 9 12 14 16 18 21 25 27 | 27.0
Stealth        | 1 7 |  7.1
Staves         | 14 23 27 | 27.0
Axes           | 15 | 15.7
Throwing       | 11 | 11.3

Action                   |  1- 3 |  4- 6 |  7- 9 | 10-12 | 13-15 | 16-18 | 19-21 || total
-------------------------+-------+-------+-------+-------+-------+-------+-------++-------
Melee: Flail             |    39 |       |       |       |       |       |       ||    39
       Quarterstaff      |    14 |     5 |    23 |    47 |       |       |       ||    89
       Demon whip        |       |       |       |     3 |    21 |    14 |       ||    38
       Lajatang          |       |       |       |       |       |    69 |    67 ||   136
Invok: Major Destruction |       |       |       |    47 |   161 |   186 |   107 ||   501
       Greater Servant o |       |       |       |       |       |     1 |       ||     1
Evoke: Wand              |       |       |     5 |     5 |       |       |       ||    10
  Use: Potion            |     1 |     1 |       |       |     2 |       |     8 ||    12
       Scroll            |       |       |       |     3 |     1 |     5 |       ||     9
 Stab: Invisible         |     2 |     1 |     3 |       |       |       |       ||     6
Armor: Scale mail        |    11 |       |       |       |       |       |       ||    11
       Ring mail         |     3 |     3 |     4 |     7 |       |       |       ||    17
       Plate armour      |       |       |       |     6 |       |       |       ||     6
       Chain mail        |       |       |       |     3 |    38 |    29 |       ||    70
       Gold dragon scale |       |       |       |       |       |    99 |   111 ||   210
Dodge: Dodged            |    25 |     3 |     7 |    22 |    24 |   105 |   101 ||   287
Block: Buckler           |     9 |       |       |       |       |       |       ||     9
       Tower shield      |       |       |       |     2 |    94 |    55 |       ||   151

Table legend: (Time is in decaauts)
 A = Elapsed time spent in this place.
 B = Non-inter-level travel time spent in this place.
 C = Inter-level travel time spent in this place.
 D = Time resting spent in this place.
 E = Time spent auto-exploring this place.
 F = Levels seen in this place.
 G = Mean time per level.
                   A        B        C        D        E       F      G
               +--------+--------+--------+--------+--------+-----+--------+
         Total |   4337 |   4337 |      0 |   1319 |      0 |   1 | 4337.0 |
       Dungeon |   4337 |   4337 |      0 |   1319 |      0 |   1 | 4337.0 |
               +--------+--------+--------+--------+--------+-----+--------+

Top non-repeatable levels by time:
       D: 4337 daAuts
